 Dungeon Sprint DCSS version bcrawl-1.23 (webtiles) character file.

Game seed: 2508468034805310683

11783 Freyura the Bludgeoner (level 12, -4/103 HPs)
             Began as a Formicid Fighter on May 24, 2020.
             Was the Champion of Okawaru.
             Killed by drain life
             ... invoked by a soul eater
             ... summoned by an orc high priest
              (21 damage)
             ... in the Dungeon (Sprint IX: "|||||||||||||||||||||||||||||").
             The game lasted 00:13:59 (1881 turns).

Freyura the Bludgeoner (Formicid Fighter)           Turns: 1881, Time: 00:14:00

Health: -4/103     AC: 32    Str: 25    XL:     12   Next: 12%
Magic:  21/21      EV: 16    Int:  8    God:    Okawaru [******]
Gold:   1117       SH: 16    Dex: 17    Spells: 11/11 levels left

rFire    . . .     SeeInvis +   r - +6 dire flail (protect)
rCold    . . .     Gourm    .   c - +0 medium shield
rNeg     . . .     Faith    .   h - +0 plate armour
rPois    .         Spirit   .   (helmet unavailable)
rElec    .         Reflect  .   p - +2 cloak
rCorr    .         Harm     .   q - +0 pair of gloves
MR       +....                  d - +0 pair of boots {Fly}
Stlth    ..........             (no amulet)
HPRegen  0.27/turn              s - +3 ring of strength
MPRegen  0.17/turn              t - +3 ring of dexterity

@: heroism, protection aura
A: permanent stasis, dig shafts and tunnels, four strong arms, antennae 3
a: Dig, Heroism, Finesse, Renounce Religion, Evoke Flight


You were in the Dungeon.
You worshipped Okawaru.
Okawaru was exalted by your worship.
You were not hungry.

You visited 1 branch You collected 1117 gold pieces.

Inventory:

Hand Weapons
 r - a +6 dire flail of protection (weapon)
Armour
 c - a +0 medium shield (worn)
 d - a +0 pair of boots of flying (worn)
 h - a +0 plate armour (worn)
 p - a +2 cloak (worn)
 q - a +0 pair of gloves (worn)
Jewellery
 s - a +3 ring of strength (left hand)
 t - a +3 ring of dexterity (right hand)
Wands
 o - a wand of acid (9)
Scrolls
 m - 4 scrolls of remove curse
 n - 2 scrolls of amnesia
Potions
 a - a potion of mutation
 f - 9 potions of curing
 i - 4 potions of magic
Comestibles
 b - 10 chunks of flesh
 e - 12 rations {!d}


   Skills:
 + Level 12.5(17.5) Fighting
 * Level 15.2(20.2) Maces & Flails
 + Level 12.4(17.4) Armour
 + Level 10.4(15.4) Dodging
 + Level 13.5(18.5) Shields
 + Level 12.6 Invocations


You had 11 spell levels left.
You didn't know any spells.
Your spell library was empty.

Dungeon Overview and Level Annotations

Branches:
Dungeon (1/1)

Altars:
Cheibriados
Dithmenos
Elyvilon
Fedhas
Gozag
Hepliaklqana
Kikubaaqudgha
Lugonu
Makhleb
Nemelex Xobeh
Okawaru
Qazlal
Ru
Sif Muna
Trog
Uskayaw
Vehumet
Wu Jian
Xom
Yredelemnul
Zin
The Shining One
Beogh
Jiyva

Shops:
D (?%[


Innate Abilities, Weirdness & Mutations

You cannot be hasted, slowed, berserked, paralysed or teleported.
You can dig through walls and to a lower floor.
Your four strong arms can wield two-handed weapons with a shield.
You have a pair of large antennae on your head. (SInv)


Message History

You impale the orc priest!!
You kill the orc priest!
Okawaru accepts your kill.
You pound the orc priest like an anvil!!!
You kill the orc priest!
Okawaru accepts your kill.
The orc priest invokes the aid of Beogh against you.
You resist with significant effort.
The orc priest calls down the wrath of Beogh upon you.
Beogh smites you!
* * * LOW HITPOINT WARNING * * *
Okay, then.
An orc priest comes into view. It is wielding a +0 falchion.
The orc high priest utters an invocation to Beogh.
Things that are here:
a +0 club; 100 gold pieces; an orc corpse The orc priest calls down the wrath of Beogh upon you.
You resist with significant effort.
The soul eater draws from the surrounding life force!
You die...

▓.▓.▓.▓.▓{ {
▓.▓.▓[▓.▓∩▓
{
▓)▓.▓.▓.▓o▓
{
▓.▓.▓.▓.▓3▓
{
▓.▓.▓.▓.▓3▓
{
▓.▓.▓.▓.▓o▓
{
▓?▓.▓.▓.▓o▓
{
▓.▓.▓.▓.▓o▓
{
▓)▓.▓.▓.▓@▓
{
▓|▓.▓.▓.▓)▓
{
▓.▓.▓÷▓.▓[▓
{
▓.▓.▓†▓.▓)▓
▓'▓.▓)▓.▓)▓
▓_▓.▓.▓.▓'▓
▓_▓.▓.▓.▓.▓{
▓_▓.▓.▓.▓.▓
▓_▓.▓.▓.▓.▓


You could see a soul eater, an orc high priest, a sixfirhy and 3 orc priests.

Vanquished Creatures
  2 hydras (D)
  A catoblepas (D)
  5 death yaks (D)
  2 orc high priests (D)
  An orc knight (D)
  An ugly thing (D)
  An elephant (D)
  4 cane toads (D)
  A shadow (D)
  5 yaks (D)
  A hungry ghost (D)
  2 crocodiles (D)
  A water moccasin (D)
  10 orc warriors (D)
  4 porcupines (D)
  An ogre (D)
  A sky beast (D)
  A centaur (D)
  A bullfrog (D)
  A wight (D)
  A crimson imp (D)
  8 orc priests (D)
  5 orc wizards (D)
  A worker ant (D)
  An adder (D)
  A shadow imp (D)
  A dart slug (D)
  A leopard gecko (D)
  8 orcs (D)
  A bat (D)
  A goblin (D)
  A jackal (D)
  A quokka (D)
  A jackal zombie (D)
78 creatures vanquished.

Vanquished Creatures (others)
  A ball python zombie (D)
1 creature vanquished.

Grand Total: 79 creatures vanquished

Notes
Turn   | Place    | Note
-------+----------+-------------------------------------------
     0 | D        | Freyura the Formicid Fighter began the quest for the Orb.
     0 | D        | Reached XP level 1. HP: 18/18 MP: 1/1
    23 | D        | Reached skill level 1 in Dodging
    23 | D        | Reached XP level 2. HP: 16/25 MP: 2/2
    24 | D        | Reached skill level 3 in Maces & Flails
   134 | D        | Noticed a crimson imp
   157 | D        | Killed a crimson imp
   157 | D        | Reached skill level 4 in Maces & Flails
   157 | D        | Reached skill level 5 in Shields
   157 | D        | Reached XP level 3. HP: 25/31 MP: 3/3
   157 | D        | Reached XP level 4. HP: 31/38 MP: 4/4
   170 | D        | Found a roughly hewn altar of Beogh.
   170 | D        | Found a snail-covered altar of Cheibriados.
   170 | D        | Found a shadowy altar of Dithmenos.
   170 | D        | Found a white marble altar of Elyvilon.
   170 | D        | Found a blossoming altar of Fedhas.
   170 | D        | Found an opulent altar of Gozag.
   171 | D        | Found a hazy altar of Hepliaklqana.
   172 | D        | Found a viscous altar of Jiyva.
   173 | D        | Found an ancient bone altar of Kikubaaqudgha.
   174 | D        | Found a corrupted altar of Lugonu.
   175 | D        | Found a burning altar of Makhleb.
   176 | D        | Found a sparkling altar of Nemelex Xobeh.
   177 | D        | Found an iron altar of Okawaru.
   178 | D        | Found a stormy altar of Qazlal.
   179 | D        | Found a sacrificial altar of Ru.
   180 | D        | Found a shimmering blue altar of Sif Muna.
   181 | D        | Found a bloodstained altar of Trog.
   182 | D        | Found a hide-covered altar of Uskayaw.
   183 | D        | Found a radiant altar of Vehumet.
   184 | D        | Found an ornate altar of the Wu Jian Council.
   185 | D        | Found a shimmering altar of Xom.
   186 | D        | Found a basalt altar of Yredelemnul.
   187 | D        | Found a glowing silver altar of Zin.
   188 | D        | Found a glowing golden altar of the Shining One.
   281 | D        | Became a worshipper of Warmaster Okawaru
   304 | D        | Noticed an ogre
   304 | D        | Noticed a hungry ghost
   304 | D        | Noticed a sky beast
   309 | D        | Killed a sky beast
   309 | D        | Reached skill level 5 in Fighting
   309 | D        | Reached skill level 5 in Maces & Flails
   309 | D        | Reached skill level 5 in Armour
   309 | D        | Reached XP level 5. HP: 38/44 MP: 4/7
   311 | D        | Reached skill level 6 in Maces & Flails
   312 | D        | Reached XP level 6. HP: 45/52 MP: 4/8
   330 | D        | Killed a hungry ghost
   330 | D        | Reached * piety under Okawaru
   330 | D        | Reached skill level 7 in Maces & Flails
   335 | D        | Killed an ogre
   335 | D        | Reached skill level 8 in Maces & Flails
   335 | D        | Reached skill level 5 in Invocations
   335 | D        | Reached XP level 7. HP: 27/59 MP: 6/11
   510 | D        | Noticed a shadow
   510 | D        | Noticed a cyan ugly thing
   518 | D        | Killed a cyan ugly thing
   518 | D        | Reached ** piety under Okawaru
   518 | D        | Reached skill level 9 in Maces & Flails
   518 | D        | Reached skill level 5 in Dodging
   518 | D        | Reached XP level 8. HP: 68/68 MP: 9/13
   528 | D        | Killed a shadow
   528 | D        | Reached *** piety under Okawaru
   661 | D        | Noticed a cane toad
   661 | D        | Noticed a seven-headed hydra
   669 | D        | Reached skill level 10 in Maces & Flails
   671 | D        | Noticed a cane toad
   676 | D        | Killed a seven-headed hydra
   676 | D        | Reached **** piety under Okawaru
   676 | D        | Reached skill level 11 in Maces & Flails
   676 | D        | Reached XP level 9. HP: 69/76 MP: 12/15
   682 | D        | Reached ***** piety under Okawaru
   692 | D        | Reached skill level 10 in Shields
   698 | D        | Killed a cane toad
   710 | D        | Killed a cane toad
   710 | D        | Reached XP level 10. HP: 50/85 MP: 15/17
   842 | D        | Noticed a cane toad
   842 | D        | Noticed a five-headed hydra
   842 | D        | Noticed a cane toad
   842 | D        | Noticed a catoblepas
   846 | D        | Killed a cane toad
   846 | D        | Received a gift from Okawaru
   846 | D        | Reached skill level 10 in Fighting
   846 | D        | Reached skill level 12 in Maces & Flails
   846 | D        | Reached skill level 10 in Armour
   852 | D        | Killed a five-headed hydra
   852 | D        | Reached skill level 10 in Invocations
   855 | D        | Noticed an elephant
   866 | D        | Noticed a death yak
   871 | D        | Killed a cane toad
   889 | D        | Killed a catoblepas
   889 | D        | Reached skill level 13 in Maces & Flails
   913 | D        | Killed an elephant
   923 | D        | Killed a death yak
   923 | D        | Reached XP level 11. HP: 39/93 MP: 19/19
  1135 | D        | Noticed a death yak
  1135 | D        | Noticed a death yak
  1135 | D        | Noticed a death yak
  1137 | D        | Noticed a death yak
  1150 | D        | Killed a death yak
  1152 | D        | Received a gift from Okawaru
  1158 | D        | Killed a death yak
  1158 | D        | Reached skill level 14 in Maces & Flails
  1168 | D        | Killed a death yak
  1182 | D        | Killed a death yak
  1393 | D        | HP: 4/95 [orc priest/divine providence (12)]
  1689 | D        | Noticed an orc knight
  1696 | D        | Killed an orc knight
  1696 | D        | Reached skill level 10 in Dodging
  1729 | D        | Reached ****** piety under Okawaru
  1854 | D        | Found Heriskur's Antique Armour Boutique.
  1854 | D        | Noticed an orc high priest
  1854 | D        | Noticed an orc high priest
  1861 | D        | Killed an orc high priest
  1861 | D        | Reached skill level 15 in Maces & Flails
  1861 | D        | Reached XP level 12. HP: 103/103 MP: 19/21
  1863 | D        | Found Gaisuyto's Food Shop.
  1868 | D        | Killed an orc high priest
  1871 | D        | Noticed an orc high priest
  1875 | D        | Noticed a soul eater
  1877 | D        | Found Vaqiamu's Magic Scroll Boutique.
  1877 | D        | Noticed a sixfirhy
  1881 | D        | Found Isitaorr's Weapon Shop.
  1881 | D        | Killed from afar by a soul eater

Skill      XL: |  1  2  3  4  5  6  7  8  9 10 11 |
---------------+----------------------------------+-----
Dodging        | 1 2 3 4 5 6 7 9 10 | 10.4
Shields        | 4 5 6 7 8 9 10 12 13 | 13.5
Maces & Flails | 4 5 6 8 9 11 13 15 | 15.2
Fighting       | 4 5 6 7 9 11 12 | 12.5
Armour         | 4 5 6 7 9 11 12 | 12.4
Invocations    | 2 3 5 6 8 9 11 12 | 12.6

Action                   |  1- 3 |  4- 6 |  7- 9 | 10-12 || total
-------------------------+-------+-------+-------+-------++-------
Melee: Flail             |    44 |     6 |       |       ||    50
       Dire flail        |       |    30 |    66 |   198 ||   294
Invok: Heroism           |       |       |     2 |     5 ||     7
       Finesse           |       |       |       |     2 ||     2
 Abil: Stop Flying       |       |       |       |     1 ||     1
Evoke: Wand              |       |       |       |     1 ||     1
  Use: Potion            |       |     1 |     1 |     3 ||     5
       Scroll            |       |       |     6 |       ||     6
 Stab: Invisible         |       |       |     3 |       ||     3
       Petrified         |       |       |       |     1 ||     1
       Distracted        |       |       |       |     1 ||     1
  Eat: Ration            |       |     1 |       |       ||     1
       Chunk             |       |       |     1 |     4 ||     5
Armor: Scale mail        |    25 |       |       |       ||    25
       Ring mail         |       |     5 |    18 |    25 ||    48
       Plate armour      |       |       |       |     2 ||     2
Dodge: Dodged            |    21 |     8 |    22 |    35 ||    86
Block: Medium shield     |    25 |    13 |    25 |    53 ||   116
